 Dungeon Crawl Stone Soup version 0.16-a0-2010-g98bc240 (webtiles) character file.

3132 Kraw the Grappler (level 9, -2/74 HPs)
             Began as a Troll Conjurer on Nov 9, 2014.
             Was a Priest of Vehumet.
             Slain by a wolf (7 damage)
             ... led by Grum
             ... on level 8 of the Dungeon.
             The game lasted 00:35:40 (6654 turns).

Kraw the Grappler (Troll Conjurer)                  Turns: 6654, Time: 00:35:40

Health: -2/74      AC:  7    Str: 18    XL:     9   Next: 61%
Magic:  3/7        EV:  9    Int: 14    God:    Vehumet [***...]
Gold:   514        SH:  0    Dex: 10    Spells: 2 memorised, 6 levels left

rFire  + . .     SeeInvis +       - Unarmed
rCold  . . .     Clarity  .     n - +1 robe {MR+}
rNeg   . . .     SustAb   .     (shield restricted)
rPois  .         Gourm    +     (helmet restricted)
rElec  .         Spirit   .     k - +0 cloak
rCorr  .         Warding  .     (gloves unavailable)
rMut   .         Stasis   .     (boots unavailable)
MR     +....                    (no amulet)
Stlth  +.........               y - ring of see invisible (curse)
                                w - ring of protection from fire (curse)

@: somewhat resistant to hostile enchantments, very unstealthy
A: unfitting armour, claws 3, fast metabolism 3, gourmand, regeneration 2,
shaggy fur 1, tough skin 2
a: Renounce Religion


You were on level 8 of the Dungeon.
You worshipped Vehumet.
Vehumet was most pleased with you.
You were not hungry.

You visited 2 branches of the dungeon, and saw 9 of its levels.
You also visited: Ossuary.

You collected 514 gold pieces.

Inventory:

Missiles
 h - 41 poisoned needles
 A - 5 tomahawks (quivered)
 I - 2 throwing nets
Armour
 k - a +0 cloak (worn)
 n - a +1 robe of magic resistance (worn)
Magical staves
 b - a cursed staff of power
Jewellery
 w - a cursed ring of protection from fire (left claw)
 y - a cursed ring of see invisible (right claw)
Magical devices
 C - a wand of digging (9)
 D - a wand of polymorph (7)
 L - a wand of magic darts (26)
Scrolls
 a - 3 scrolls of teleportation {unknown}
 e - 9 scrolls of identify {unknown}
 i - a scroll of random uselessness {unknown}
 j - 4 scrolls of noise {unknown}
 o - 4 scrolls of enchant weapon {unknown}
 p - 3 scrolls of remove curse {unknown}
 r - a scroll of recharging {unknown}
 s - 4 scrolls of amnesia {unknown}
 u - a scroll of immolation {unknown}
 v - 4 scrolls of blinking {unknown}
 B - a scroll of magic mapping {unknown}
 K - 2 scrolls of enchant armour {unknown}
 M - a scroll of fog {unknown}
 N - a scroll of vulnerability {unknown}
Potions
 d - 3 potions of restore abilities {unknown}
 g - 2 potions of flight {unknown}
 l - 2 potions of agility {unknown}
 q - 2 potions of degeneration {unknown}
 t - a potion of berserk rage {unknown}
 x - 8 potions of curing {unknown}
 z - a potion of cure mutation {unknown}
 E - 2 potions of heal wounds {unknown}
 H - a potion of porridge
 O - a potion of resistance {unknown}
Books
 c - a book of Conjurations

   Spells                             Type                      Level
   *Magic Dart                        Conjuration                  1
   Searing Ray                        Conjuration                  2
   *Dazzling Spray                    Conjuration/Hexes            3
   Fulminant Prism                    Conjuration/Hexes            4
   Iskenderun's Mystic Blast          Conjuration                  4
   Iskenderun's Battlesphere          Conjuration/Charms           5
 m - a book of Burglary

   Spells                             Type                      Level
   Swiftness                          Charms/Air                   2
   Passwall                           Transmutation/Earth          3
   Passage of Golubria                Translocation                4
   Lee's Rapid Deconstruction         Earth                        5
   Invisibility                       Hexes                        6
   Darkness                           Hexes                        7
Comestibles
 f - 2 bread rations
 F - 6 meat rations
 G - a beef jerky
 J - 7 fruits


   Skills:
 - Level 1.5 Dodging
 - Level 1.1 Stealth
 + Level 10.9 Unarmed Combat
 - Level 1.2 Spellcasting
 - Level 6.1 Conjurations
 - Level 2.2 Hexes


You had 6 spell levels left.
You knew the following spells:

 Your Spells              Type           Power        Failure   Level  Hunger
a - Magic Dart            Conj           ###.         1%          1    ##.....
b - Dazzling Spray        Conj/Hex       ##......     4%          3    ####...


Dungeon Overview and Level Annotations

Branches:
Dungeon (8/15)             Temple (1/1) D:4
   Lair: D:8-11

Altars:
Ashenzari
Cheibriados
Dithmenos
Elyvilon
Fedhas
Gozag
Kikubaaqudgha
Makhleb
Nemelex Xobeh
Qazlal
Ru
Sif Muna
Trog
Vehumet
Xom
Zin
The Shining One

Shops:
D:5 (


Innate Abilities, Weirdness & Mutations

You are too large for most types of armour.
You have claws for hands.
Your metabolism is lightning-fast.
You like to eat raw meat.
You heal very quickly.
You are covered in fur (AC +1).
You have very tough skin (AC +2).


Message History

You scratch Grum.
You kill Grum!
Vehumet accepts your kill.
You feel your power returning.
You miss the wolf. The wolf barely misses you.
The wolf bites you but does no damage.
You scratch the wolf.
The wolf begins to bleed from its wounds!
The wolf is moderately wounded.
The wolf closely misses you.
You miss the wolf. You claw the wolf, but do no damage.
The wolf is moderately wounded.
The wolf bites you.
* * * LOW HITPOINT WARNING * * *
You scratch the wolf.
The wolf is heavily wounded.
The wolf bites you.
* * * LOW HITPOINT WARNING * * *
The wolf bites you!
You die...

## .# .# . h# .
.# #.. ..#####
##.# #.. ......#
#..# #.#
#....#######.#
#.#
#.#.......@h.#
#.#
#.#....#######
#.# #.#....# #.#
##.#....#
#.####.......###
....[....>.....#
..##...###...###
...#.#.#E#...#E#
..##.#.###...####


You could see a wolf (bleeding).

Vanquished Creatures
  The ghost of Kraw the Covert, an experienced KoAs (D:5)
  A hill giant zombie (D:8)
  Grum (D:8)
  Edmund (D:8)
  A wolf (D:8)
  An orc warrior (D:8)
  An ice beast (D:6)
  2 ogres
  A phantom (D:5)
  2 centaurs (D:5)
  Sigmund (D:2)
  Duvessa (D:6)
  2 elf zombies (Ossuary)
  3 giant frogs (D:6)
  A scorpion (D:5)
  6 goliath beetles
  Dowan (D:6)
  A crimson imp (D:7)
  2 hounds
  3 centaur zombies (Ossuary)
  A human zombie (Ossuary)
  A jelly (D:7)
  A quasit (D:8)
  An orc priest (D:5)
  An orc wizard (D:6)
  6 worker ants
  3 iguanas
  A hound zombie (Ossuary)
  3 mummies (Ossuary)
  A worker ant zombie (D:6)
  19 gnolls
  10 adders
  A shadow imp (D:6)
  A giant mite (D:7)
  A goliath beetle zombie (D:5)
  2 adder zombies (Ossuary)
  An iguana zombie (D:5)
  2 giant geckos
  11 orcs
  3 ball pythons
  10 bats
  12 goblins
  13 hobgoblins
  5 jackals
  8 kobolds
  2 quokkas
  8 giant cockroaches
  8 giant newts
  5 goblin zombies (Ossuary)
  4 hobgoblin zombies (Ossuary)
  6 jackal zombies (Ossuary)
  4 kobold zombies (Ossuary)
  2 orc zombies (Ossuary)
  2 quokka zombies (Ossuary)
  13 rats
  2 rat zombies (Ossuary)
207 creatures vanquished.

Notes
Turn   | Place    | Note
--------------------------------------------------------------
     0 | D:1      | Kraw, the Troll Conjurer, began the quest for the Orb.
     0 | D:1      | Reached XP level 1. HP: 16/16 MP: 2/2
    59 | D:1      | Reached skill level 1 in Unarmed Combat
   199 | D:1      | Reached XP level 2. HP: 22/24 MP: 2/2
   817 | D:2      | Reached XP level 3. HP: 27/31 MP: 3/3
   827 | D:2      | Learned a level 3 spell: Dazzling Spray
   865 | D:2      | Noticed Sigmund
   882 | D:2      | Killed Sigmund
   882 | D:2      | Reached skill level 4 in Unarmed Combat
   882 | D:2      | Reached XP level 4. HP: 26/39 MP: 4/4
   994 | D:2      | Reached XP level 5. HP: 45/45 MP: 4/4
  1456 | D:2      | Reached skill level 5 in Unarmed Combat
  1516 | D:3      | Found a bloodstained altar of Trog.
  1721 | D:3      | Found a sparkling altar of Nemelex Xobeh.
  2339 | D:4      | Found a staircase to the Ecumenical Temple.
  2347 | Temple   | Entered the Ecumenical Temple
  2429 | Temple   | Became a worshipper of Vehumet
  2843 | D:4      | Reached XP level 6. HP: 42/53 MP: 1/5
  2917 | D:5      | Entered Level 5 of the Dungeon
  2940 | D:5      | Reached skill level 1 in Hexes
  3238 | D:5      | Reached XP level 7. HP: 57/59 MP: 3/5
  3275 | D:5      | Noticed Kraw's ghost (experienced KoAs)
  3306 | D:5      | Killed Kraw's ghost
  3306 | D:5      | Reached skill level 5 in Conjurations
  3488 | D:5      | Acquired Vehumet's first power
  3488 | D:5      | Offered knowledge of Shock by Vehumet.
  3684 | D:5      | Found Veatyv's Weapon Shop.
  3715 | D:5      | Reached skill level 6 in Conjurations
  3715 | D:5      | Reached XP level 8. HP: 52/67 MP: 6/6
  4730 | D:6      | Offered knowledge of Flame Tongue by Vehumet.
  4730 | D:6      | Reached skill level 7 in Unarmed Combat
  4775 | D:6      | Noticed Duvessa
  4775 | D:6      | Noticed Dowan
  4790 | D:6      | Killed Duvessa
  4799 | D:6      | Killed Dowan
  4941 | D:6      | Reached skill level 8 in Unarmed Combat
  5080 | D:6      | Found an opulent altar of Gozag.
  5377 | D:7      | Reached XP level 9. HP: 68/74 MP: 4/7
  5698 | D:7      | Found a sand-covered staircase.
  5704 | Ossuary  | Entered an ossuary
  5728 | Ossuary  | Offered knowledge of Stone Arrow by Vehumet.
  5759 | Ossuary  | Reached skill level 9 in Unarmed Combat
  5798 | Ossuary  | Acquired Vehumet's second power
  6038 | Ossuary  | Offered knowledge of Olgreb's Toxic Radiance by Vehumet.
  6289 | D:8      | Found a stormy altar of Qazlal.
  6307 | D:8      | Found a deep blue altar of Sif Muna.
  6414 | D:8      | Reached skill level 10 in Unarmed Combat
  6487 | D:8      | Noticed Edmund
  6498 | D:8      | Killed Edmund
  6631 | D:8      | Noticed Grum
  6650 | D:8      | Killed Grum
  6654 | D:8      | Slain by a wolf

Action                   |  1- 3 |  4- 6 |  7- 9 || total
-------------------------+-------+-------+-------++-------
Melee: Unarmed           |    73 |   149 |   497 ||   719
Throw: Tomahawk          |     5 |     6 |    25 ||    36
 Cast: Magic Dart        |    10 |    17 |     7 ||    34
       Dazzling Spray    |       |       |    42 ||    42
 Stab: Sleeping          |     1 |       |     2 ||     3
       Distracted        |       |     1 |       ||     1
       Invisible         |       |       |    18 ||    18
  Eat: Chunk             |    14 |    22 |    31 ||    67
